 Dungeon Crawl Stone Soup version 0.31-a0-703-gcfe89afef6 (webtiles) character file.

Game seed: 3548176260463611239

111 qw the Shooter (level 4, -1/28 HPs)
             Began as a Gargoyle Hunter on Sept 8, 2023.
             Slain by a river rat (8 damage)
             ... in a sewer.
             The game lasted 00:00:47 (2059 turns).

qw the Shooter (Gargoyle Hunter)                    Turns: 2059, Time: 00:00:47

Health: -1/28      AC: 10    Str: 20    XL:     4   Next: 92%
Magic:  4/4        EV: 11    Int: 10    God:
Gold:   117        SH:  0    Dex: 15    Spells: 3/3 levels left

rFire   . . .        Y - +1 shortbow
rCold   . . .        (shield currently unavailable)
rNeg    + . .        h - +0 ring mail
rPois   inf          (no helmet)
rElec   +            b - +0 cloak
rCorr   .            k - +0 pair of gloves
SInv    .            (no boots)
Will    .....        (no amulet)
Stlth   +            g - +6 ring of strength
HPRegen 0.24/turn    (no ring)
MPRegen 0.09/turn

%: no passive effects
@: about to teleport
A: sickness immunity, AC +3, negative energy resistance 1, electricity
resistance, torment resistance 1, petrification resistance
a: no special abilities


You were in a sewer.
You visited 1 branch of the dungeon, and saw 3 of its levels.
You also visited: Sewer.

You collected 117 gold pieces.


Innate Abilities, Weirdness & Mutations

You are immune to sickness and miasma.
Your stone body is resilient. (AC +3)
You are immune to poison.
You resist negative energy. (rN+)
You are resistant to electric shocks. (rElec)
You are resistant to unholy torment.
You are immune to petrification.


   Skills:
 - Level 3.2 Fighting
 + Level 5.5 Ranged Weapons
 - Level 1.0 Armour
 - Level 1.5 Dodging
 - Level 1.1 Stealth


You had 3 spell levels left.
You didn't know any spells.
Your spell library was empty.

Inventory:

Hand Weapons
 Y - a +1 shortbow (weapon)
Armour
 b - a +0 cloak (worn)
 h - a +0 ring mail (worn)
 k - a +0 pair of gloves (worn)
Jewellery
 g - a +6 ring of strength (left hand)
Scrolls
 e - a scroll of identify
Potions
 f - a potion of heal wounds {unknown}
 i - a potion of curing {unknown}
 j - a potion of haste

Dungeon Overview and Level Annotations

Branches:
Dungeon (3/15)              Sewer (1/1)

Altars:
Ashenzari


Message History

You shoot an arrow. The arrow closely misses the adder.
A rat comes into view.
You shoot an arrow. The arrow closely misses the adder.
You feel yourself slow down. The adder bites you but does no damage.
You shoot an arrow. The arrow closely misses the adder.
The adder bites you but does no damage. The adder bites you.
You shoot an arrow. The arrow hits the adder!
The adder is severely wounded.
The adder bites you.
You shoot an arrow. The arrow hits the adder.
You kill the adder!
The rat misses you.
You shoot an arrow. The arrow hits the rat.
You kill the rat!
The river rat bites you but does no damage.
The rat bites you but does no damage.
You shoot an arrow. The arrow hits the river rat.
The river rat is lightly wounded.
The rat barely misses you. The rat bites you but does no damage.
The river rat bites you.
You shoot an arrow. The arrow closely misses the river rat.
The rat bites you but does no damage. x2
The river rat bites you but does no damage.
You shoot an arrow. The arrow barely misses the river rat.
The rat bites you. The river rat bites you. The rat barely misses you.
You shoot an arrow. The arrow barely misses the river rat.
The rat completely misses you. The rat misses you. The river rat bites you.
The rat barely misses you. The river rat barely misses you.
The rat bites you but does no damage.
You shoot an arrow. The arrow barely misses the river rat.
The rat bites you but does no damage. x2
The river rat bites you but does no damage.
You shoot an arrow. The arrow barely misses the river rat.
The river rat barely misses you. The rat bites you. The rat misses you.
2059 ||| READING scroll of teleportation.
As you read the scroll of teleportation, it crumbles to dust.
You feel strangely unstable. The river rat bites you!
You die...

#... #.%. ...# #...##
#...%################
#......~~~~~~~~~~~~~~
#.rrr.~~%~~.~~~~~~~~
#..@..~~~~~~#~~~~~~~
#.....~~~~~~~~~~~~~~
##....~~~~~~~.~~~~~~
###.#~~~~~~~~~~~~~~
#################


You could see a river rat and 2 rats.

Vanquished Creatures
  3 adders
  2 river rats (Sewer)
  3 worms
  A dart slug (D:2)
  8 bats
  3 endoplasms
  4 giant cockroaches
  7 goblins
  6 hobgoblins
  A quokka (D:1)
  5 ball pythons
  3 frilled lizards
  5 kobolds
  6 rats
57 creatures vanquished.

Notes
Turn   | Place    | Note
-------+----------+-------------------------------------------
     0 | D:1      | qw the Gargoyle Hunter began the quest for the Orb.
     0 | D:1      | Reached XP level 1. HP: 12/12 MP: 1/1
     0 | D:1      | 0 ||| qw: Version: 0.3-a-76-g4403597
     0 | D:1      | 0 ||| qw: Game counter: 1288
     0 | D:1      | 0 ||| qw: Melee chars always use a shield: true
     0 | D:1      | 0 ||| qw: God list: Okawaru
     0 | D:1      | 0 ||| qw: Allow faded altars: false
     0 | D:1      | 0 ||| qw: Do Orc after clearing Dungeon:15 true
     0 | D:1      | 0 ||| qw: Do second Lair branch before Depths: true
     0 | D:1      | 0 ||| qw: Lair rune preference: random
     0 | D:1      | 0 ||| qw: Goals: Normal
     0 | D:1      | 0 ||| PLANNING D:1-11
   147 | D:1      | Reached XP level 2. HP: 9/17 MP: 2/2
   840 | D:1      | Reached XP level 3. HP: 21/21 MP: 3/3
   844 | D:1      | 844 ||| READING 2 scrolls labelled JEIPOG DOWNAE.
   847 | D:1      | 847 ||| READING scroll labelled QUTYOSS MEISU.
   848 | D:1      | 848 ||| DROPPING scroll of butterflies.
   934 | D:2      | Found a broken altar of Ashenzari.
   955 | D:2      | Reached skill level 5 in Ranged Weapons
  1207 | D:2      | Found a faded altar of an unknown god.
  1312 | D:2      | Found Jaxtyk's Armour Shop.
  1367 | D:2      | Reached skill level 3 in Fighting
  1367 | D:2      | Reached XP level 4. HP: 28/28 MP: 4/4
  1818 | D:2      | 1818 ||| UPGRADING to +0 cloak.
  1823 | D:2      | 1823 ||| UPGRADING to +0 pair of gloves.
  1828 | D:2      | 1828 ||| UPGRADING to +6 ring of strength.
  1829 | D:2      | 1829 ||| READING scroll labelled WYEH QUKHUZA.
  1830 | D:2      | 1830 ||| READING 2 scrolls labelled ATUVOUB ROHE.
  1831 | D:2      | 1831 ||| READING scroll labelled YKUCEA ESCHU.
  1871 | D:3      | 1871 ||| PLANNING SEWER
  1910 | D:3      | Reached skill level 1 in Armour
  1981 | D:3      | Found a glowing drain.
  1982 | D:3      | 1982 ||| UPGRADING to +0 ring mail.
  2002 | D:3      | 2002 ||| DROPPING +0 leather armour.
  2003 | D:3      | 2003 ||| READING scroll labelled VUL IVAGASO.
  2003 | D:3      | Identified a scroll of acquirement
  2003 | D:3      | 2003 ||| ACQUIRING 648 gold pieces
  2003 | D:3      | Acquired 648 gold pieces
  2004 | D:3      | 2004 ||| DRINKING 2 sedimented blue potions.
  2013 | Sewer    | Entered a sewer
  2026 | Sewer    | 2026 ||| Stepping ~*~*~tactically~*~*~ (water).
  2058 | Sewer    | HP: 7/28 [rat (3)]
  2059 | Sewer    | 2059 ||| READING scroll of teleportation.
  2059 | Sewer    | Slain by a river rat

Levels and vault maps discovered:
D:1:      tarquinn_simple_flora_water_f, layout_loops_corners,
          supply_closet_lemuel
D:2:      layout_basic, basic_altar, serial_shops, shop, basic_ecumenical_altar,
          minivault_23, wander_ebering_terrifying_dragon_lair
D:3:      layout_basic, serial_shops, shop, cheibrodos_sewer_entry_drain,
          kennysheep_generic_room_3, uniq_crazy_yiuf_cottage
Sewer:    sewer_minmay_w

Skill      XL: |  1  2  3  4 |
---------------+-------------+-----
Ranged Weapons | 5 |  5.5
Fighting       | 3 |  3.2
Armour         | 1 |  1.0
Dodging        | |  1.5
Stealth        | |  1.1

Action                     |  1- 3 |  4- 6 || total
---------------------------+-------+-------++-------
   Fire: Shortbow          |   132 |    56 ||   188
    Use: Scroll            |     2 |     5 ||     7
         Potion            |       |     1 ||     1
 Armour: Leather armour    |    32 |     5 ||    37
         Ring mail         |       |    20 ||    20
  Dodge: Dodged            |    42 |    13 ||    55

Table legend:
 A = Non-vault XP
 B = Vault XP
 C = Vault XP percentage of total XP
 D = Non-vault monster count
 E = Vault monster count
 F = Vault count percentage of total count
                 A         B        C        D         E       F
            +---------+---------+-------+---------+---------+-------
      Total |     109 |      50 |  31.4 |      48 |       9 |  15.8
            +---------+---------+-------+---------+---------+-------
        D:1 |      34 |       0 |   0.0 |      21 |       0 |   0.0
        D:2 |      54 |       1 |   1.8 |      21 |       1 |   4.5
        D:3 |      21 |       5 |  19.2 |       6 |       1 |  14.3
      Sewer |       0 |      44 | 100.0 |       0 |       7 | 100.0
            +---------+---------+-------+---------+---------+-------
